Map: Defender's Landing LE

Players

Bunny - Winner!

  • Race: Terran Terran
  • Spawn Location: 7:00

Dark

  • Race: Zerg Zerg
  • Spawn Location: 1:00

VOD

Have the link to the VOD?

Description

Bunny Vs Dark Iem Shanghai

Time

  • Played on: July 27, 2017, 1:39 a.m.
  • Length: 15:41
Show
View Real Time Build Order
Export as new Build Order

Bunny Terran - Winner!

Build Orders: Reaper Expand, Bio Tank 

Get SALT Encoding   

  12  0:00  SCV  
  13  0:12  SCV  
  14  0:17  Supply Depot  
  14  0:24  SCV  
  15  0:38  SCV  
  15  0:40  Barracks  
  16  0:46  Refinery  
  16  0:50  SCV  
  17  1:02  SCV  
  18  1:14  SCV  
  19  1:27  Orbital Command  
  19  1:28  Reaper  
  20  1:42  Command Center  
  20  1:54  SCV  
  21  1:55  Supply Depot  
  21  2:00  Marine  
  22  2:06  SCV  
  23  2:11  Barracks  
  23  2:18  SCV  
  23  2:20  Refinery  
  24  2:22  Barracks Reactor  
  24  2:30  SCV  
  25  2:37  Factory  
  25  2:42  SCV  
  26  2:54  SCV  
  26  2:55  Orbital Command  
  26  2:57  Bunker  
  26  2:58  Marine  
  27  2:59  Marine  
  27  3:02  Marine  
  29  3:06  SCV  
  30  3:17  Marine, Barracks Tech Lab  
  30  3:19  Marine, SCV  
  32  3:20  SCV  
  32  3:23  Factory Tech Lab  
  34  3:31  SCV  
  34  3:32  SCV  
  36  3:35  Marine  
  36  3:37  Marine  
  36  3:40  Marine, Orbital Command, Stimpack  
  39  3:43  Siege Tank  
  39  3:47  SCV  
  43  3:50  Supply Depot  
  43  3:54  Marine  
  43  3:55  Marine  
  45  3:58  Marine  
  46  4:06  Orbital Command  
  46  4:08  Starport  
  46  4:12  SCV  
  47  4:19  Marine x3  
  47  4:24  SCV  
  51  4:32  SCV  
  51  4:34  Factory Reactor  
  51  4:35  Supply Depot  
  51  4:36  Supply Depot, SCV  
  53  4:47  SCV  
  53  4:52  Refinery, Command Center  
  54  4:57  SCV  
  55  5:01  Engineering Bay x2  
  55  5:02  SCV  
  56  5:09  Marine x3, SCV  
  60  5:15  SCV  
  60  5:16  Medivac x2  
  65  5:22  SCV  
  65  5:23  Supply Depot  
  65  5:25  Supply Depot  
  65  5:27  SCV  
  65  5:28  Terran Infantry Weapons Level 1  
  67  5:33  Terran Infantry Armor Level 1  
  67  5:39  SCV  
  67  5:40  SCV  
  69  5:44  Combat Shields  
  69  5:45  Viking  
  71  5:51  SCV  
  71  5:52  SCV  
  73  5:58  Barracks x3  
  73  6:02  Siege Tank  
  76  6:05  Orbital Command  
  76  6:09  SCV  
  76  6:10  SCV  
  78  6:13  Refinery  
  78  6:14  Marine x2  
  78  6:15  Marine  
  81  6:26  Armory, SCV x2  
  81  6:27  Supply Depot  
  83  6:39  Marine, Marauder  
  82  6:40  Marine  
  82  6:41  Siege Tank  
  82  6:43  Medivac  
  82  6:44  SCV x2  
  91  6:50  Supply Depot x2, Barracks Reactor  
  91  6:51  Barracks Reactor  
  91  6:54  Barracks Reactor  
  91  6:58  SCV x2  
  91  7:00  Orbital Command, Supply Depot  
  93  7:02  Marauder  
  93  7:07  Marine x2  
  91  7:10  SCV x2  
  91  7:14  Siege Tank  
  95  7:18  Refinery  
  95  7:20  Supply Depot x2  
  95  7:22  SCV x2  
  97  7:25  SCV  
  97  7:28  Marauder  
  97  7:29  Terran Infantry Weapons Level 2  
  100  7:35  Marine x2  
  100  7:36  Marine x5  
  104  7:38  SCV x3  
  107  7:45  Terran Infantry Armor Level 2  
  107  7:50  SCV  
  108  7:51  Siege Tank  
  108  7:52  Marine  
  108  7:53  Marine x5  
  108  7:55  Marauder  
  108  7:58  SCV x2  
  121  8:01  Supply Depot, Refinery  
  121  8:02  SCV  
  121  8:04  Supply Depot  
  122  8:08  Marine x2  
  122  8:10  Marine  
  122  8:11  Marine x2  
  127  8:16  Marauder  
  129  8:22  Terran Vehicle Weapons Level 1  
  129  8:25  Missile Turret  
  129  8:27  Missile Turret, Medivac x2  
  131  8:28  Marine x6  
  131  8:29  Marine, Concussive Shells  
  131  8:33  Siege Tank  
  143  8:38  Marauder  
  137  8:47  Barracks x2  
  137  8:48  Barracks  
  137  8:53  Command Center  
  137  8:56  Marine, Medivac  
  137  8:57  Medivac  
  137  8:59  Marine x3  
  145  9:03  Marine  
  145  9:04  Marine x3  
  145  9:08  Marauder  
  151  9:11  Siege Tank  
  154  9:23  Marine  
  154  9:24  Marine x6  
  157  9:27  Marine  
  157  9:30  Marauder  
  161  9:34  Supply Depot, Medivac  
  161  9:35  Supply Depot  
  156  9:41  Marine x2  
  156  9:43  Barracks Tech Lab  
  156  9:44  Barracks Tech Lab x2  
  158  9:46  Liberator  
  158  9:49  Medivac  
  160  9:54  Marauder  
  160  9:55  Marine x2  
  160  10:00  Missile Turret  
  160  10:02  Siege Tank, Liberator  
  163  10:15  Marauder x2  
  163  10:16  Marine x2  
  164  10:22  Marine x7  
  164  10:23  Marine  
  164  10:36  Marauder x2  
  164  10:39  Siege Tank  
  154  10:45  Marauder  
  154  10:46  Marauder  
  154  10:48  Marine  
  134  10:51  Medivac  
  134  10:52  Marine  
  132  11:00  Marauder x2  
  132  11:02  Medivac  
  132  11:04  Marine x4, Liberator  
  134  11:06  Marine  
  132  11:15  Marauder, Liberator  
  132  11:17  Marauder  
  136  11:18  Marine  
  136  11:19  Marine  
  136  11:21  Marine  
  136  11:22  Marine  
  143  11:25  Planetary Fortress  
  143  11:32  Marauder  
  148  11:36  Marine, Marauder  
  148  11:37  Marine x2  
  148  11:39  Marauder  
  146  11:47  Liberator  
  146  11:49  Terran Infantry Armor Level 3, Terran Infantry Weapons Level 3  
  143  11:58  Liberator  
  143  11:59  Marauder x2  
  147  12:07  Marauder x2  
  151  12:11  Marine x2  
  151  12:13  Marine  
  156  12:21  Marauder  
  150  12:30  Marauder x3  
  150  12:32  Marine  
  150  12:33  Marine x3  
  150  12:35  Sensor Tower  
  150  12:36  Liberator  
  160  12:37  Starport  
  160  12:38  SCV x3  
  160  12:40  SCV  
  160  12:41  Liberator  
  164  12:44  Terran Ship Weapons Level 1  
  164  12:45  Marauder  
  164  12:49  Marine x4  
  164  12:50  Marine x2  
  172  12:52  Marauder  
  159  13:08  Marauder x3  
  159  13:10  Marine x2  
  167  13:15  Marine x2  
  167  13:16  Marine x2  
  167  13:19  Siege Tank  
  174  13:26  Marauder  
  174  13:27  Marine  
  176  13:29  Marine x3  
  176  13:30  Marauder x2, Starport Reactor  
  176  13:32  Missile Turret  
  184  13:40  Medivac  
  184  13:41  Medivac  
  188  13:44  Command Center  
  188  13:46  Marauder  
  188  13:47  Marauder  
  188  13:48  Marine x3  
  194  13:53  Refinery x2  
  195  13:56  Liberator x2  
  195  14:05  Liberator  
  196  14:24  Marauder  
  196  14:31  Marine x2  
  196  14:32  Marauder  
  200  14:55  Marine  
  200  14:59  Marauder  
  199  15:02  Marine  
Show
View Real Time Build Order
Export as new Build Order

Dark Zerg 

Build Orders: Pool First 

Get SALT Encoding   

  12  0:01  Drone  
  13  0:14  Overlord  
  13  0:16  Drone  
  14  0:33  Drone x2  
  16  0:36  Drone  
  17  0:47  Extractor  
  17  0:48  Drone  
  17  0:51  Spawning Pool  
  16  0:57  Drone  
  17  1:10  Drone  
  18  1:18  Hatchery  
  18  1:22  Drone  
  18  1:30  Drone  
  21  1:41  Zergling x2  
  21  1:45  Queen  
  22  1:59  Roach Warren  
  22  2:00  Drone  
  22  2:08  Overlord  
  22  2:26  Queen  
  24  2:38  Roach  
  24  2:39  Roach x3  
  24  2:42  Roach  
  33  2:53  Overlord  
  33  2:54  Drone x3  
  36  3:11  Ravager x2  
  36  3:12  Drone x2  
  40  3:13  Drone  
  40  3:15  Drone x2  
  43  3:24  Overlord  
  43  3:27  Drone  
  44  3:43  Ravager  
  44  3:44  Drone x5  
  50  3:49  Drone x2  
  52  4:04  Overlord  
  52  4:15  Overlord, Lair  
  52  4:19  Overlord, Extractor  
  52  4:21  Queen, Extractor  
  52  4:22  Extractor  
  52  4:23  Drone  
  52  4:24  Drone x6  
  58  4:26  Drone  
  59  4:35  Overlord  
  59  4:37  Drone  
  60  4:42  Evolution Chamber  
  63  4:45  Roach x2  
  63  4:46  Roach  
  63  4:52  Drone x3  
  68  5:05  Drone x3  
  68  5:06  Hatchery  
  70  5:10  Zerg Ground Armor Level 1  
  70  5:13  Glial Reconstitution  
  70  5:17  Roach  
  70  5:21  Roach  
  74  5:25  Roach x2  
  78  5:31  Overseer  
  78  5:32  Roach x2  
  82  5:40  Roach  
  82  5:41  Overlord x2  
  84  5:45  Overlord  
  84  5:48  Overlord  
  84  5:58  Overlord  
  84  6:04  Roach  
  84  6:06  Drone x6  
  92  6:14  Drone  
  92  6:15  Infestation Pit  
  92  6:16  Evolution Chamber  
  92  6:17  Drone  
  92  6:25  Drone x2, Overlord  
  94  6:31  Drone x3  
  95  6:37  Drone  
  94  6:40  Drone  
  94  6:42  Drone x4  
  98  6:51  Zerg Missile Weapons Level 1  
  98  6:52  Spore Crawler  
  97  6:54  Drone x4  
  97  6:57  Infestor  
  103  7:11  Extractor  
  103  7:12  Roach x5, Extractor  
  103  7:15  Hive  
  111  7:17  Queen  
  111  7:18  Drone  
  111  7:22  Zerg Ground Armor Level 2  
  114  7:34  Drone x2  
  114  7:38  Drone  
  114  7:39  Drone, Baneling Nest  
  114  7:40  Metabolic Boost  
  114  7:42  Infestor x2  
  119  7:50  Drone x2  
  121  7:53  Hatchery  
  120  8:10  Zergling x2  
  121  8:12  Overlord  
  121  8:15  Overlord  
  121  8:16  Overlord x2  
  121  8:18  Drone x5  
  121  8:19  Drone x2  
  117  8:24  Hatchery  
  117  8:26  Queen  
  118  8:27  Drone x2  
  118  8:31  Viper x2, Ravager x2  
  118  8:32  Ultralisk Cavern  
  127  8:36  Hatchery  
  127  8:44  Drone  
  127  8:45  Drone x3  
  127  8:46  Zergling x8  
  135  8:52  Zerg Melee Weapons Level 1  
  135  8:56  Zergling x6  
  138  9:06  Zergling x8  
  142  9:10  Baneling x2  
  142  9:11  Ravager  
  143  9:20  Chitinous Plating  
  143  9:22  Ultralisk  
  143  9:23  Overlord x2  
  148  9:27  Ultralisk  
  151  9:41  Ultralisk  
  151  9:43  Baneling x3  
  157  9:47  Hatchery  
  147  10:03  Ultralisk  
  147  10:06  Drone x3  
  155  10:08  Zergling x14  
  162  10:20  Zergling x2  
  162  10:21  Zergling x4  
  154  10:31  Ultralisk x2, Zergling x4  
  154  10:32  Zergling x12  
  151  10:49  Ultralisk x2  
  139  10:51  Zergling x4  
  126  11:05  Ultralisk  
  126  11:08  Ravager  
  130  11:11  Zergling x6  
  130  11:12  Ravager  
  130  11:14  Drone  
  130  11:15  Drone x5  
  140  11:18  Baneling  
  140  11:19  Baneling  
  140  11:21  Drone x3  
  143  11:28  Ultralisk  
  145  11:44  Ultralisk  
  145  11:46  Zergling x14  
  145  11:52  Ravager x2  
  147  11:55  Zergling x18  
  156  12:10  Infestor  
  156  12:14  Centrifical Hooks  
  148  12:19  Drone x5  
  148  12:20  Drone  
  145  12:25  Zerg Melee Weapons Level 2, Hatchery  
  145  12:26  Drone x2  
  145  12:27  Drone  
  138  12:35  Zergling x2  
  138  12:36  Zergling x4  
  141  12:40  Ultralisk  
  141  12:41  Drone x4  
  141  12:43  Extractor  
  141  12:44  Extractor  
  149  12:53  Drone  
  149  12:54  Drone  
  149  12:57  Spore Crawler  
  140  13:08  Zergling x10  
  140  13:09  Hatchery  
  144  13:13  Zergling x2  
  144  13:20  Drone x2  
  144  13:23  Baneling x5, Spire  
  145  13:31  Drone x2  
  147  13:43  Drone  
  147  13:44  Drone x3  
  147  13:45  Overlord  
  147  13:48  Drone x3  
  153  13:50  Baneling x4  
  153  13:51  Baneling  
  153  13:53  Zergling x6  
  153  13:54  Zergling x2  
  158  14:00  Spore Crawler  
  154  14:16  Zergling x22  
  165  14:35  Baneling x2, Corruptor x3  
  165  14:36  Corruptor x3  
  171  14:46  Corruptor x2  
  172  14:53  Zergling x2  
  172  14:54  Baneling  
  172  14:55  Baneling x4  
  161  15:02  Ultralisk  
  166  15:11  Corruptor  
  166  15:23  Zergling x6  
Tags
 
Add a new tag
Caveats
  • Supply blocks, unpowered buildings, or Contaminate may cause inaccurate times.
  • Supply counts are checked every 10 seconds.